 Dungeon Crawl Stone Soup version 0.26-a0-1053-gaff5f71418 (webtiles) character file.

Game seed: 11091671685904745850

910 stormannn the Ruffian (level 8, -12/68 HPs)
             Began as a Ghoul Gladiator on Dec 12, 2020.
             Mangled by an orc warrior
             ... wielding a +0 battleaxe
              (16 damage)
             ... in a bailey.
             The game lasted 00:09:56 (6547 turns).

stormannn the Ruffian (Ghoul Gladiator)             Turns: 6547, Time: 00:09:57

Health: -12/68     AC:  9    Str: 19    XL:     8   Next: 8%
Magic:  7/7        EV: 13    Int:  3    God:
Gold:   369        SH:  0    Dex: 11    Spells: 7/7 levels left

rFire    + . .     SeeInvis +     - Unarmed
rCold    + . .     Faith    .   (no shield)
rNeg     + + +     Spirit   .   v - +3 leather armour {rF+}
rPois    ∞         Reflect  .   b - +0 helmet
rElec    .         Harm     .   (no cloak)
rCorr    .         Rampage  .   x - +1 pair of gloves
Will     .....                  (no boots)
Stlth    +.........             (no amulet)
HPRegen  0.00/turn              y - ring of flight
MPRegen  0.10/turn              p - ring of see invisible

@: brilliant
A: rotting body, claws 1, cold resistance 1, negative energy resistance 3,
inhibited regeneration, torment resistance, unbreathing
a: Evoke Flight


You were in a bailey.
You visited 1 branch of the dungeon, and saw 6 of its levels.
You also visited: Bailey.

You collected 369 gold pieces.

Inventory:

Hand Weapons
 z - a +2 dire flail of draining
 A - the +4 hand axe "Giantslayer" {antimagic, Dex+4}
   (You found it on level 7 of the Dungeon)

   It reduces the magical energy of the wielder, and disrupts the spells and
   magical abilities of those hit.
   Natural abilities and divine invocations are not affected.
   It affects your dexterity (+4).
Missiles
 c - 3 throwing nets
 g - 265 stones
 h - 17 poisoned darts (quivered)
Armour
 b - a +0 helmet (worn)
 v - a +3 leather armour of fire resistance (worn)
 x - a +1 pair of gloves (worn)
Jewellery
 f - an uncursed ring of protection from fire
 m - an uncursed ring of protection from fire
 p - a ring of see invisible (right hand)
 q - an uncursed ring of fire
 y - a ring of flight (left hand)
Scrolls
 a - a scroll of remove curse
 i - 2 scrolls of enchant armour
 j - 3 scrolls of identify
 l - a scroll of blinking
 r - a scroll of random uselessness {unknown}
 t - a scroll of teleportation
 u - a scroll of fog {unknown}
Potions
 d - 2 potions of degeneration {unknown}
 e - 2 potions of brilliance
 k - 2 potions of attraction {unknown}
 n - a potion of mutation {unknown}
 o - a potion of curing {unknown}
 s - 2 potions of berserk rage {unknown}
 w - a potion of heal wounds {unknown}


   Skills:
 + Level 5.3 Fighting
 + Level 4.3 Throwing
 + Level 4.8 Dodging
 + Level 5.9 Unarmed Combat


You had 7 spell levels left.
You didn't know any spells.
Your spell library contained the following spells:

 Spells                   Type           Power        Failure   Level
 Corona                   Hex            #......      58%         1
 Ensorcelled Hibernation  Hex/Ice        #.....       73%         2
 Confusing Touch          Hex            #.......     91%         3
 Dazzling Flash           Conj/Hex       #.....       91%         3
 Tukima's Dance           Hex            #.......     91%         3


Dungeon Overview and Level Annotations

Branches:
Dungeon (7/15)             Bailey (1/1)
 Temple: D:4-7

Altars:
Dithmenos
Okawaru

Shops:
D:4 (


Innate Abilities, Weirdness & Mutations

Your body is rotting away.
You thrive by killing the living.
You are immune to poison.
You have sharp fingernails.
Your flesh is cold resistant. (rC+)
You are immune to negative energy. (rN+++)
You do not regenerate when monsters are visible.
You are immune to unholy pain and torment.
You can survive without breathing.


Message History

The orc warrior is moderately wounded.
The goblin closely misses you. The goblin barely misses you.
The hobgoblin closely misses you.
You punch the orc warrior!
The orc warrior is heavily wounded.
The orc warrior hits you with a +0 battleaxe!
* * * LOW HITPOINT WARNING * * *
The goblin barely misses you. The goblin closely misses you.
You hit the orc warrior but do no damage.
The orc warrior is heavily wounded.
The hobgoblin hits you but does no damage.
The orc warrior hits you with a +0 battleaxe!
* * * LOW HITPOINT WARNING * * *
The goblin misses you.
It was a potion of brilliance.
You feel clever all of a sudden. The goblin hits you but does no damage.
The hobgoblin hits you but does no damage.
The orc warrior hits you with a +0 battleaxe!
You die...

##### #.∩.# ###...###
#.......# #...∩...#
#.g@....# #.ggo...#
########..g....########
≈≈≈≈≈≈≈.........≈≈≈≈≈≈≈
≈≈≈≈≈≈≈≈≈≈...≈≈≈≈≈≈≈≈≈≈
≈≈≈≈≈≈≈≈≈≈...≈≈≈≈≈≈≈≈≈≈
≈≈≈≈≈≈≈≈≈≈...≈≈≈≈≈≈≈≈≈≈
≈≈≈≈≈≈≈≈≈≈...≈≈≈≈≈≈≈≈≈≈
######≈≈≈≈...≈≈≈≈######


You could see an orc warrior (poisoned), a gnoll, a hobgoblin and 2 goblins.

Vanquished Creatures
  An orc warrior (D:7)
  2 ogres
  A centaur (D:7)
  Blork the orc (D:4)
  2 orc priests
  4 orc wizards
  A gnoll shaman (D:4)
  A worker ant (D:5)
  3 iguanas (D:4)
  3 adders
  4 gnolls
  6 worms
  2 dart slugs (D:3)
  A leopard gecko (D:1)
  15 orcs
  2 ball pythons
  4 giant cockroaches
  7 goblins
  10 hobgoblins
  10 jackals
  7 kobolds
  6 quokkas
  A ball python skeleton (D:4)
  10 bats
  4 frilled lizards
  A leopard gecko skeleton (D:4)
  2 quokka skeletons (D:5)
  6 rats
117 creatures vanquished.

Notes
Turn   | Place    | Note
-------+----------+-------------------------------------------
     0 | D:1      | stormannn the Ghoul Gladiator began the quest for the Orb.
     0 | D:1      | Reached XP level 1. HP: 17/17 MP: 0/0
    96 | D:1      | Reached XP level 2. HP: 25/25 MP: 1/1
   779 | D:2      | Reached XP level 3. HP: 28/30 MP: 2/2
  1922 | D:3      | Reached XP level 4. HP: 30/38 MP: 3/3
  2508 | D:3      | Found a shadowy altar of Dithmenos.
  2808 | D:4      | Reached XP level 5. HP: 15/45 MP: 4/4
  3358 | D:4      | Noticed an ogre
  3383 | D:4      | Killed an ogre
  3384 | D:4      | Reached XP level 6. HP: 18/52 MP: 5/5
  3640 | D:4      | Noticed Blork the orc
  4185 | D:4      | Killed Blork the orc
  4186 | D:4      | Reached skill level 5 in Unarmed Combat
  4186 | D:4      | Reached XP level 7. HP: 56/60 MP: 6/6
  5332 | D:4      | Found Zucesk's Weapon Shop.
  5514 | D:5      | Entered Level 5 of the Dungeon
  5951 | D:5      | Found an iron altar of Okawaru.
  6205 | D:5      | You fall into a shaft and drop 2 floors!
  6245 | D:7      | Reached skill level 5 in Fighting
  6407 | D:7      | Reached XP level 8. HP: 50/68 MP: 7/7
  6485 | D:7      | Found a flagged portal.
  6494 | D:7      | Got a pitted hand axe
  6497 | Bailey   | Entered a bailey
  6498 | Bailey   | Identified the +4 hand axe "Giantslayer" {antimagic, Dex+4}
                  | (You found it on level 7 of the Dungeon)
  6547 | Bailey   | Mangled by an orc warrior

Illustrated notes

Levels and vault maps discovered:
D:1:      evilmike_arrival_crescent, layout_basic, glass_columns_c,
          serial_park_tiny_1
D:2:      layout_basic
D:3:      layout_loops_corners, lemuel_crystal_altar
D:4:      layout_layer_cave, cheibrodos_sewer_entry_drain, serial_shops,
          kennysheep_mini, kennysheep_generic_room_4, uniq_blork_the_orc
D:5:      layout_basic, nicolae_overflow_crystal_walls, uniq_prince_ribbit1
D:7:      layout_basic, grunt_temple_overflow_opulence, enter_bailey_2,
          serial_shops, nicolae_shop_crystal
Bailey:   bailey_axe_of_yendor_kennysheep, bailey

Skill      XL: |  1  2  3  4  5  6  7 |
---------------+----------------------+-----
Throwing       | 2 3 4 |  4.3
Dodging        | 3 4 |  4.8
Fighting       | 3 4 5 |  5.3
Unarmed Combat | 4 5 |  5.9

Action                   |  1- 3 |  4- 6 |  7- 9 || total
-------------------------+-------+-------+-------++-------
Melee: Unarmed           |   127 |   133 |   139 ||   399
       Punch             |     3 |     2 |     1 ||     6
Throw: Dart              |    11 |    38 |    51 ||   100
  Use: Scroll            |       |     4 |     1 ||     5
       Potion            |       |       |     1 ||     1
 Stab: Sleeping          |       |       |     1 ||     1
Armor: Leather armour    |    40 |    55 |    31 ||   126
Dodge: Dodged            |    61 |   113 |    91 ||   265

Table legend: (Time is in decaauts)
 A = Elapsed time spent in this place.
 B = Non-inter-level travel time spent in this place.
 C = Inter-level travel time spent in this place.
 D = Time resting spent in this place.
 E = Time spent auto-exploring this place.
 F = Levels seen in this place.
 G = Mean time per level.
                   A        B        C        D        E       F      G
               +--------+--------+--------+--------+--------+-----+--------+
         Total |   6497 |   6323 |    174 |   1177 |   4060 |   7 |  928.1 |
       Dungeon |   6449 |   6275 |    174 |   1177 |   4037 |   6 | 1074.8 |
        Bailey |     47 |     47 |      0 |      0 |     23 |   1 |   47.0 |
               +--------+--------+--------+--------+--------+-----+--------+

Top non-repeatable levels by time:
     D:4: 2300 daAuts
     D:3: 1681 daAuts
     D:2: 778 daAuts
     D:1: 717 daAuts
     D:5: 684 daAuts
     D:7: 287 daAuts
  Bailey: 47 daAuts
